AoeStats
← Boudboud

Arena

505400761Analyzed
1v1 RM · 21d ago on Sep 9, 2026· 44m 22s· 2 players
Game mode
Random Map
Map size
Tiny (2 player)
Population
200
Speed
Normal
Resources
Standard
Victory
Conquest
Starting age
Dark Age
Ending age
Imperial Age
RankedLock teamsTeams togetherTeam positionsShared explorationLock speedFull tech treeHidden civsTurbo modeCheats
Victory
Defeat
🇷🇺 Armenians · Russia
977
+15
🇫🇷 Franks · France
952
-44
Boudboud
10:40 Feudal Age
16:17 Castle Age
19:53 Double-Bit Axe
25:22 Fortified Wall
26:20 Wheelbarrow
27:10 Padded Archer Armor
27:00 Fletching
27:11 Scale Mail Armor
27:40 Bow Saw
27:07 Crossbowman
28:23 Leather Archer Armor
28:18 Forging
28:27 Town Watch
29:43 Ballistics
29:46 Husbandry
30:03 Gold Mining
30:24 Town Patrol
31:45 Gold Shaft Mining
32:02 Stone Mining
33:09 Hand Cart
34:34 Masonry
34:20 Murder Holes
39:36 Imperial Age
38:40 Iron Casting
38:00 Bodkin Arrow
38:11 Scale Barding Armor
40:11 Chain Mail Armor
40:31 Siege Engineers
40:16 Capped Ram
41:14 Cavalier
42:44 Chain Barding Armor
42:55 Plate Mail Armor
43:25 Blast Furnace
BrutForce72
10:39 Feudal Age
16:42 Castle Age
15:27 Horse Collar
15:42 Double-Bit Axe
17:04 Forging
17:42 Squires
19:05 Bow Saw
24:12 Wheelbarrow
23:35 Gold Mining
25:56 Gold Shaft Mining
25:15 Stone Mining
25:52 Loom
25:53 Town Watch
26:35 Pikeman
27:55 Iron Casting
27:20 Scale Mail Armor
27:53 Hand Cart
28:53 Town Patrol
30:19 Chain Mail Armor
29:51 Gambesons
29:28 Halberdier
29:55 Arson
29:30 Man-at-Arms
35:15 Imperial Age
32:17 Long Swordsman
35:10 Heavy Plow
35:24 Fletching
35:34 Padded Archer Armor
36:21 Conscription
36:14 Fereters
35:33 Elite Skirmisher
37:19 Chemistry
36:39 Ballistics
36:31 Masonry
37:43 Bodkin Arrow
38:03 Leather Archer Armor
38:49 Blast Furnace
38:19 Plate Mail Armor
38:36 Bracer
39:18 Hoardings
38:24 Two-Handed Swordsman
39:49 Champion
41:01 Ring Archer Armor
40:57 Murder Holes
43:28 Elite Composite Bowman
44:18 Onager
44:18 Capped Ram
Connection lost

Rejoining the realm…

Still unreachable

The connection could not be restored.

Session expired

The server has moved on; the page needs a fresh start.